 Dungeon Crawl Stone Soup version 0.27.1-2-g3b301248ec (webtiles) character file.

Game seed: 7893068934938105082

10 Urokeeper the Chopper (level 2, 0/27 HPs)
             Began as a Hill Orc Monk on Sept 28, 2021.
             Frozen to death by an endoplasm (4 damage)
             ... on level 1 of the Dungeon.
             The game lasted 00:00:53 (378 turns).

Urokeeper the Chopper (Hill Orc Monk)                Turns: 378, Time: 00:00:53

Health: 0/27       AC:  3    Str: 13    XL:     2   Next: 20%
Magic:  2/2        EV: 12    Int: 10    God:
Gold:   0          SH:  0    Dex: 13    Spells: 1/1 levels left

rFire    . . .     SeeInvis .   a - +0 hand axe
rCold    . . .     Faith    .   (no shield)
rNeg     . . .     Spirit   .   b - +0 robe
rPois    .         Reflect  .   (no helmet)
rElec    .         Harm     .   (no cloak)
rCorr    .         Rampage  .   (no gloves)
Will     .....                  c - +0 pair of boots
Stlth    ++........             (no amulet)
HPRegen  0.09/turn              (no ring)
MPRegen  0.08/turn              (no ring)

@: no status effects
A: no striking features
a: no special abilities


You were on level 1 of the Dungeon.
You visited 1 branch of the dungeon, and saw 1 of its levels.

Inventory:

Hand Weapons
 a - a +0 hand axe (weapon)
Armour
 b - a +0 robe (worn)
 c - a +0 pair of boots (worn)


   Skills:
 + Level 3.8 Fighting
 + Level 4.3 Axes
 + Level 2.6 Dodging
 + Level 1.5 Stealth


You had one spell level left.
You didn't know any spells.
Your spell library was empty.

Dungeon Overview and Level Annotations

Branches:
Dungeon (1/15)

Altars:

Shops:
D:1 *


Message History

A dart slug comes into view.
An endoplasm comes into view.
A quokka comes into view.
The frilled lizard bites you but does no damage.
The rat bites you.
The quokka moves out of view.
The rat closely misses you.
The endoplasm quivers.
The kobold hits you with a +0 dagger.
The kobold throws a stone.
The stone completely misses you.
You barely miss the frilled lizard. The frilled lizard misses you.
You hit the frilled lizard.
You kill the frilled lizard!
You hit the rat.
The rat is severely wounded.
The rat bites you but does no damage.
You hit the rat but do no damage.
The rat is severely wounded.
The rat barely misses you.
You barely miss the rat.
The rat is severely wounded.
The rat barely misses you.
You hit the rat.
You kill the rat!
You barely miss the gnoll. The gnoll hits you with a +0 whip.
You hit the gnoll but do no damage. You barely miss the endoplasm.
The endoplasm barely misses you. The gnoll barely misses you.
You completely miss the gnoll. You hit the endoplasm but do no damage.
The endoplasm freezes you.
You are frozen.
The gnoll closely misses you.
You barely miss the gnoll. You barely miss the endoplasm.
The gnoll barely misses you. The endoplasm closely misses you.
You closely miss the gnoll. You hit the endoplasm. The endoplasm misses you.
The gnoll hits you with a +0 whip. The endoplasm freezes you.
You are frozen.
The gnoll hits you with a +0 whip. The endoplasm freezes you.
You are frozen.
* * * LOW HITPOINT WARNING * * *
The endoplasm freezes you.
You are frozen.
You die...

.......###......#.##..##
........#............Jr#
.................?..#...#
...................## ..
.......#......Kw#.##
#.....###.....#r#.# .
##...## ##...##g#.###...
##'## ##.###.J....... #.#
#.# ##@..###. ##_#####
#.# ##### #......# #.#
##...##.###.#
#...........#
##....#.##### #..#.#†#
#.##.#.# ... .#.#


You could see a gnoll, a dart slug, an endoplasm, a quokka and a kobold.

Vanquished Creatures
  A dart slug (D:1)
  2 hobgoblins (D:1)
  A quokka (D:1)
  A ball python (D:1)
  A bat (D:1)
  2 frilled lizards (D:1)
  A rat (D:1)
9 creatures vanquished.

Notes
Turn   | Place    | Note
-------+----------+-------------------------------------------
     0 | D:1      | Urokeeper the Hill Orc Monk began the quest for the Orb.
     0 | D:1      | Reached XP level 1. HP: 19/19 MP: 1/1
    17 | D:1      | Found Utzamecs's General Store.
   159 | D:1      | Reached XP level 2. HP: 16/27 MP: 2/2
   301 | D:1      | Found a faded altar of an unknown god.
   378 | D:1      | Frozen to death by an endoplasm

Illustrated notes

Levels and vault maps discovered:
D:1:      minmay_arrival_semitransparent, layout_loops_corners, serial_shops,
          nicolae_square_shop, basic_ecumenical_altar, amcnicky_mini_pool_small,
          minmay_cupped

Action                   || total
-------------------------++-------
Melee: Hand axe          ||    43
Armor: Robe              ||    11
Dodge: Dodged            ||    32
